 Dungeon Crawl Stone Soup version 0.25.0-1-g7eea58d (webtiles) character file.

Game seed: 9737435432290281743

91641 edsrzf the Impaler (level 16, -7/92 HPs)
             Began as a Tengu Warper on June 26, 2020.
             Was the Champion of Okawaru.
             Mangled by a blizzard demon (11 damage)
             ... on level 3 of the Abyss on June 27, 2020.
             The game lasted 01:25:33 (39928 turns).

edsrzf the Impaler (Tengu Warper)                  Turns: 39928, Time: 01:25:34

Health: -7/92      AC: 20    Str: 23    XL:     16   Next: 3%
Magic:  20/20      EV: 14    Int: 15    God:    Okawaru [******]
Gold:   2529       SH:  0    Dex: 17    Spells: 16/19 levels left

rFire    + + .     SeeInvis +   a - +3 glaive (flame)
rCold    + . .     Gourm    .   (shield currently unavailable)
rNeg     . . .     Faith    .   W - +1 plate armour {rF+}
rPois    +         Spirit   .   F - +2 hat {SInv}
rElec    +         Reflect  .   g - scarf {repulsion}
rCorr    +         Harm     .   X - +2 pair of gloves {Dex+3}
MR       +....                  (boots unavailable)
Stlth    ..........             o - amulet of the acrobat
HPRegen  0.25/turn              E - +6 ring of strength
MPRegen  0.17/turn              c - +4 ring of evasion

@: resistant, repel missiles
A: beak, talons 3, able to fly
a: Fly, Heroism, Finesse, Renounce Religion


You were on level 3 of the Abyss.
You worshipped Okawaru.
Okawaru was exalted by your worship.
You were not hungry.

You visited 5 branches of the dungeon, and saw 25 of its levels.
You visited the Abyss 1 time.
You also visited: Ossuary, Gauntlet and Volcano.

You collected 2633 gold pieces.
You spent 104 gold pieces at shops.

Inventory:

Hand Weapons
 a - a +3 glaive of flaming (weapon)
 b - the +9 heavy crossbow "Sniper" {vorpal, Acc+∞ SInv}
   (Okawaru gifted it to you on level 3 of the Lair of Beasts)

   Any bolt fired from it inflicts extra damage.
   It lets you see invisible.
Missiles
 y - 472 bolts
Armour
 g - a scarf of repulsion (worn)
 F - a +2 hat of see invisible (worn)
 V - a +3 ring mail of fire resistance
 W - a +1 plate armour of fire resistance (worn)
 X - a +2 pair of gloves of dexterity (worn)
Jewellery
 c - a +4 ring of evasion (right hand)
 h - the amulet of Diaq {Spirit rElec rN+ Int+4 Dex-3}
   (You found it in a Gauntlet)

   [amulet of guardian spirit]

   It causes incoming damage to be split between your health and magic.
   It affects your intelligence (+4).
   It affects your dexterity (-3).
   It insulates you from electricity.
   It protects you from negative energy.
 l - the amulet of Wuemubid {Reflect Str+6 SH+5}
   (You found it in a Gauntlet)

   [amulet of reflection]

   It shields you and reflects attacks.
   It affects your strength (+6).
   It affects your SH (+5).
 o - an amulet of the acrobat (around neck)
 p - a +6 ring of intelligence
 t - the macabre finger necklace {rN+}
   (You took it off a minotaur in a Gauntlet)

   [amulet of nothing]

   It protects you from negative energy.
 A - a +6 ring of intelligence
 E - a +6 ring of strength (left hand)
 J - an uncursed ring of resist corrosion
 N - an uncursed ring of ice
 Y - an uncursed amulet of reflection
Wands
 e - a wand of iceblast (21)
 m - a wand of digging (12)
 G - a wand of acid (18)
 I - a wand of flame (67)
 Z - a wand of polymorph (10)
Scrolls
 j - 2 scrolls of identify {@r1}
 n - 3 scrolls of fog
 q - 5 scrolls of remove curse {@r2}
 r - 8 scrolls of teleportation {@r3}
 s - 4 scrolls of enchant armour
 x - a scroll of fear
 C - 3 scrolls of amnesia
 D - a scroll of immolation
 H - 3 scrolls of vulnerability
 L - 7 scrolls of enchant weapon
 O - a scroll of holy word
Potions
 d - 4 potions of cancellation
 i - 3 potions of curing
 k - 7 potions of stabbing
 u - a potion of invisibility
 z - 3 potions of brilliance
 B - 2 potions of might
 M - 3 potions of berserk rage
 P - 4 potions of magic
 Q - 6 potions of lignification
 R - a potion of resistance
 S - 4 potions of haste
 T - 5 potions of mutation {!q}
 U - a potion of ambrosia
Miscellaneous
 w - 2 phantom mirrors
 K - a box of beasts
Comestibles
 f - 44 rations


   Skills:
 - Level 7.0 Fighting
   Level 14.7 Maces & Flails
 - Level 20.0 Polearms
 + Level 13.7 Crossbows
 - Level 1.0 Throwing
 + Level 8.1 Armour
 - Level 5.1 Dodging
 - Level 2.0 Spellcasting
 - Level 2.4 Translocations
 - Level 5.0 Invocations


You had 16 spell levels left.
You knew the following spells:

 Your Spells              Type           Power        Failure   Level  Hunger
a - Corona                Hex            #......      97%         1    #......
b - Blink                 Tloc           N/A          87%         2    ###....

Your spell library contained the following spells:

 Spells                   Type           Power        Failure   Level  Hunger
 Apportation              Tloc           #.....       75%         1    #......
 Shroud of Golubria       Chrm/Tloc      #.....       96%         2    ###....
 Animate Skeleton         Necr           N/A          97%         1    #......
 Foxfire                  Conj/Fire      #...         97%         1    #......
 Summon Small Mammal      Summ           #...         97%         1    #......
 Gell's Gravitas          Tloc           #.........   98%         3    ###....
 Lesser Beckoning         Tloc           #.........   98%         3    ###....
 Teleport Other           Tloc           #.......     98%         3    ###....
 Ensorcelled Hibernation  Hex/Ice        #.....       99%         2    ###....
 Confusing Touch          Hex            #.......     100%        3    ###....
 Conjure Flame            Conj/Fire      #.......     100%        3    ###....
 Dazzling Flash           Conj/Hex       #.....       100%        3    ###....
 Inner Flame              Hex/Fire       #.......     100%        3    ###....
 Tukima's Dance           Hex            #.......     100%        3    ###....
 Passage of Golubria      Tloc           N/A          100%        4    #####..
 Sticky Flame             Conj/Fire      #.......     100%        4    #####..
 Bolt of Magma            Conj/Fire/Erth #.........   100%        5    ######.
 Fireball                 Conj/Fire      #.........   100%        5    ######.
 Iskenderun's Battlesphe  Conj/Chrm      #.......     100%        5    ######.
 Iron Shot                Conj/Erth      #.........   100%        6    #######
 Orb of Destruction       Conj           #.........   100%        7    #######
 Spellforged Servitor     Conj/Summ      #.........   100%        7    #######


Dungeon Overview and Level Annotations

Branches:
Dungeon (15/15)            Temple (0/1) D:6            Lair (6/6) D:9
  Swamp (0/4) Lair:2        Snake (0/4) Lair:2        Slime (0/5) Lair:6
    Orc (2/2) D:11            Elf (1/3) Orc:2        Vaults (0/5) D:14
 Depths (1/5) D:15        Ossuary (visited)         Volcano (visited)
Gauntlet (visited)

Altars:
Dithmenos
Makhleb
Okawaru
Qazlal
Sif Muna
Uskayaw
Vehumet
Zin
The Shining One
Beogh
Jiyva

Shops:
D:5 ?   D:8 *   D:9 ?(*?*   D:10 *   D:13 ![?[*   Orc:2 !*(:   Elf:1 *

Annotations:
D:7 1 runed translucent door, Snorg's ghost, amateur TrFi
D:13 3 runed translucent doors, 00Nightcrawler's ghost, journeyman VSTm
Lair:1 2 runed translucent doors, Wuochyse's ghost, journeyman DEWz
Lair:6 3 runed translucent doors
Elf:1 Asterion


Innate Abilities, Weirdness & Mutations

You have a beak for a mouth.
You have claws for feet.
You can fly continuously.


Message History

You slash the large abomination! You burn the large abomination.
You claw the large abomination. Your peck misses the large abomination.
The large abomination is heavily damaged.
You slice the large abomination!! You burn the large abomination.
You destroy the large abomination!
Okawaru accepts your kill. Something appears before you!
Okawaru grants you armour!
Your Armour skill increases to level 8!
Press: ? - help, v - describe, . - travel, g - get item A creamy pearl robe {god gift}.
The floor.
Unknown command.
A smoke demon comes into view.
Your +3 glaive of flaming stops flaming.
b - the +9 heavy crossbow "Sniper" (weapon)
{vorpal, Acc+∞ SInv} Firing (i - inventory)
y - 475 bolts (quivered)
Press: ? - help, Shift-Dir - straight line, f - smoke demon
Aim: a smoke demon You shoot a bolt.
The bolt hits the smoke demon!!
The smoke demon is severely wounded.
You hear a bark!
Firing (i - inventory)
y - 474 bolts (quivered)
Press: ? - help, Shift-Dir - straight line, f/p - smoke demon
Aim: a smoke demon (severely wounded)
You shoot a bolt. The bolt hits the smoke demon!!
You kill the smoke demon!
Okawaru accepts your kill.
A blizzard demon and a raiju come into view.
The blizzard demon shouts!
The raiju barks!
The blizzard demon gestures at you.
You float gracefully downwards.
Firing (i - inventory)
y - 473 bolts (quivered)
Press: ? - help, Shift-Dir - straight line, f - blizzard demon
Aim: a blizzard demon You shoot a bolt.
The bolt hits the raiju!
The raiju is heavily wounded.
The blizzard demon waves its arms in wide circles.
The air twists around and strikes you!!
The raiju bursts into living lightning!
The living lightning hits you.
The raiju blinks!
Your +3 glaive of flaming bursts into flame!
a - a +3 glaive of flaming (weapon)
The blizzard demon gestures at you. The bolt of cold misses you.
The raiju bites you but does no damage.
You slash the raiju! You burn the raiju. Your kick misses the raiju.
The raiju is almost dead.
The raiju barely misses you.
You hit the raiju. You burn the raiju.
The raiju is almost dead.
You slash the raiju! You burn the raiju.
You kill the raiju!
Okawaru accepts your kill. The blizzard demon gestures at you.
The bolt of cold misses you.
You see here a raiju corpse.
You feel protected. The blizzard demon gestures at you.
The freezing blast misses you.
Attack whom?
Press: ? - help, Dir - move target cursor, f/p - blizzard demon
Aim: a blizzard demon You reach to attack!
You closely miss the blizzard demon.
You are engulfed in freezing vapours.
You resist.
* * * LOW HITPOINT WARNING * * *
The blizzard demon gestures at you. The bolt of lightning misses you. x2
Attack whom?
Press: ? - help, Dir - move target cursor, f/p - blizzard demon
Aim: a blizzard demon You reach to attack!
You slash the blizzard demon! You burn the blizzard demon.
The blizzard demon is lightly wounded.
You are engulfed in freezing vapours.
You resist.
* * * LOW HITPOINT WARNING * * *
Okay, then.
You hit the blizzard demon. You burn the blizzard demon.
Your peck misses the blizzard demon.
The blizzard demon is moderately wounded.
You are engulfed in freezing vapours.
You resist.
* * * LOW HITPOINT WARNING * * *
You slash the blizzard demon! You burn the blizzard demon.
Your peck misses the blizzard demon.
The blizzard demon is heavily wounded.
You are engulfed in freezing vapours.
You resist.
* * * LOW HITPOINT WARNING * * *
The blizzard demon is engulfed in freezing vapours.
The blizzard demon closely misses you.
The blizzard demon hits you but does no damage.
Okay, then.
Your plate armour prevents you from hitting the blizzard demon.
Your kick misses the blizzard demon.
You peck the blizzard demon, but do no damage.
The blizzard demon is heavily wounded.
You are engulfed in freezing vapours.
You resist.
* * * LOW HITPOINT WARNING * * *
The blizzard demon is engulfed in freezing vapours.
The blizzard demon hits you.
* * * LOW HITPOINT WARNING * * *
The blizzard demon hits you!
You die...

. ≈( #§§≈ §. ##.
≈ §§####(∩ ....
....§3.(( #..(.
.......§.##.(...
.. ...(..#...##
.# #..#.....#
#.##. #°2○°.#...
... ..#○@○...# .
.......○○○#### .
## #############
... .
........#...# .
..§..... ...# #
. . . .... .# #
.#. ##..###.## .
... . . . # # #
.#.# . #


You could see a blizzard demon and a ynoxinul.

Vanquished Creatures
  Agnes (D:14)
  Kirke (D:12)
  Louise (D:15)
  Azrael (D:12)
  A minotaur (Gauntlet)
  A blizzard demon (Abyss:3)
  Fannar (Lair:3)
  A rakshasa (D:15)
  7 hydras
  4 vault guards (D:14)
  A catoblepas (Lair:4)
  2 centaur warriors
  3 two-headed ogres
  A tengu warrior (D:15)
  2 deep elf knights
  A fire crab (Lair:6)
  A hell knight (Volcano)
  A skeletal warrior (D:15)
  An unseen horror (D:15)
  An unseen horror (shapeshifter) (D:15)
  A wizard (Elf:1)
  A phantasmal warrior (D:15)
  A necromancer (D:15)
  An oklob plant (Gauntlet)
  2 orc knights
  A large abomination (Abyss:3)
  An ugly thing (D:12)
  17 deep elf magi
  3 orc sorcerers
  2 cyclopes (D:14)
  A frost giant skeleton (D:15)
  2 manticores
  A frost giant zombie (D:15)
  A smoke demon (Abyss:3)
  3 molten gargoyles (Lair:6)
  8 elephants
  6 black mambas
  3 gargoyles
  8 spiny frogs
  A rime drake (shapeshifter) (D:15)
  8 komodo dragons
  2 minotaur zombies (Gauntlet)
  7 yaktaurs
  A guardian mummy (D:15)
  4 polar bears
  5 trolls
  2 raiju (Abyss:3)
  3 hornets (Lair:3)
  A tyrant leech (Gauntlet)
  3 slime creatures (D:15)
  20 blink frogs
  4 hippogriffs
  A deep troll skeleton (D:15)
  3 redbacks (D:15)
  12 spriggans (Lair:3)
  6 wyverns
  5 shadows (Gauntlet)
  2 hogs (D:12)
  A human (D:14)
  41 yaks
  3 basilisks (Lair:6)
  2 wraiths
  A fire elemental (D:12)
  2 hungry ghosts
  Eustachio (D:4)
  6 vampire mosquitoes (Lair:2)
  A steam dragon (Lair:6)
  2 swamp worms (Gauntlet)
  4 nagas (Lair:2)
  A warg (Orc:1)
  An acid dragon (Gauntlet)
  13 water moccasins
  9 hell hounds
  13 porcupines
  12 ice beasts
  4 black bears
  3 necrophages
  An eye of draining (D:11)
  35 orc warriors
  4 boggarts
  11 ogres
  5 phantoms
  20 centaurs
  6 crocodiles
  3 big kobolds
  2 elf zombies
  11 bullfrogs
  A gnoll sergeant (D:7)
  A wyvern skeleton (D:6)
  3 scorpions
  A troll zombie (D:11)
  A water moccasin skeleton (D:7)
  20 killer bees
  10 wights
  8 howler monkeys
  An electric eel (D:10)
  5 lava snakes (Lair:6)
  4 crimson imps
  A bullfrog zombie (D:10)
  6 hounds
  A quasit (D:6)
  A human zombie (Ossuary)
  2 centaur zombies
  4 jellies
  19 orc wizards
  Crazy Yiuf (D:5)
  2 centaur skeletons
  9 orc priests
  2 bullfrog skeletons (D:12)
  6 iguanas
  Ijyb (D:5)
  11 worker ants
  A lightning spire (Abyss:3)
  5 ogre zombies (D:11)
  2 big kobold zombies (Ossuary)
  2 mummies (Ossuary)
  A worker ant zombie (D:6)
  3 howler monkey skeletons
  5 gnolls (D:8)
  8 adders
  4 shadow imps
  2 oozes
  An adder zombie (D:5)
  2 adder skeletons
  5 worms
  2 dart slugs
  3 leopard geckos
  91 orcs
  A ball python (D:3)
  7 bats
  5 giant cockroaches
  7 hobgoblins
  6 jackals
  14 kobolds
  6 quokkas
  A frilled lizard (D:4)
  7 goblins
  A goblin skeleton (D:11)
  3 goblin zombies
  13 hobgoblin zombies
  A jackal skeleton (D:5)
  3 jackal zombies
  7 kobold zombies (Ossuary)
  4 orc skeletons (D:11)
  19 orc zombies
  2 rats (D:2)
  2 rat zombies (Ossuary)
771 creatures vanquished.

Vanquished Creatures (others)
  A bullfrog skeleton (D:6)
  A worker ant zombie (D:6)
  17 fungi
  12 plants
  4 toadstools (D:1)
  3 withered plants
38 creatures vanquished.

Grand Total: 809 creatures vanquished

Notes
Turn   | Place    | Note
-------+----------+-------------------------------------------
     0 | D:1      | edsrzf the Tengu Warper began the quest for the Orb.
     0 | D:1      | Reached XP level 1. HP: 12/12 MP: 4/4
   149 | D:1      | Reached skill level 3 in Polearms
   149 | D:1      | Reached XP level 2. HP: 16/17 MP: 6/6
  1250 | D:2      | Reached XP level 3. HP: 21/21 MP: 7/7
  1328 | D:2      | Noticed an air elemental
  1330 | D:2      | Found a stormy altar of Qazlal.
  1331 | D:2      | Noticed a water elemental
  1331 | D:2      | Noticed a fire elemental
  1331 | D:2      | Noticed an earth elemental
  1512 | D:2      | Reached skill level 4 in Polearms
  1937 | D:2      | Reached XP level 4. HP: 19/26 MP: 8/8
  2156 | D:2      | Found a glowing silver altar of Zin.
  2229 | D:2      | Reached skill level 5 in Polearms
  3176 | D:3      | Learned a level 2 spell: Blink
  3225 | D:3      | Gained mutation: You can fly continuously. [Tengu growth]
  3225 | D:3      | Reached XP level 5. HP: 30/30 MP: 9/9
  3794 | D:4      | Identified 6 scrolls of identify
  3794 | D:4      | Identified 2 potions of curing
  3795 | D:4      | Identified 2 potions of stabbing
  3796 | D:4      | Identified a potion of lignification
  3797 | D:4      | Identified a potion of flight
  3798 | D:4      | Identified a potion of degeneration
  3905 | D:4      | Noticed an orc warrior
  4412 | D:4      | Noticed Eustachio
  4429 | D:5      | Entered Level 5 of the Dungeon
  4473 | D:5      | Reached skill level 6 in Polearms
  4591 | D:5      | Found a sand-covered staircase.
  4596 | Ossuary  | Entered an ossuary
  4722 | Ossuary  | Learned a level 1 spell: Corona
  4884 | Ossuary  | Reached XP level 6. HP: 35/35 MP: 8/10
  5094 | Ossuary  | Reached skill level 7 in Polearms
  5524 | D:5      | Found Oxzyeshre's Magic Scroll Shop.
  5535 | D:5      | Bought a scroll of random uselessness for 11 gold pieces
  5545 | D:5      | Found a hide-covered altar of Uskayaw.
  5547 | D:5      | Found a shimmering blue altar of Sif Muna.
  5548 | D:5      | Found a shadowy altar of Dithmenos.
  5549 | D:5      | Noticed Ijyb
  5567 | D:5      | Killed Ijyb
  5567 | D:5      | Reached skill level 8 in Polearms
  5567 | D:5      | Reached XP level 7. HP: 34/40 MP: 11/11
  6323 | D:5      | Found an iron altar of Okawaru.
  6326 | D:5      | Identified 2 potions of invisibility
  6327 | D:5      | Identified 2 potions of mutation
  6328 | D:5      | Identified 2 potions of brilliance
  6439 | D:5      | Became a worshipper of Warmaster Okawaru
  6534 | D:5      | Found a runed translucent door.
  6535 | D:5      | Noticed Crazy Yiuf
  6824 | D:6      | Reached skill level 9 in Polearms
  7048 | D:6      | Found a radiant altar of Vehumet.
  7487 | D:6      | Reached * piety under Okawaru
  7487 | D:6      | Reached XP level 8. HP: 36/43 MP: 12/12
  7560 | D:6      | Reached skill level 10 in Polearms
  7920 | D:6      | Found a staircase to the Ecumenical Temple.
  8474 | D:6      | Reached skill level 11 in Polearms
  8538 | D:6      | Identified a potion of might
  9695 | D:4      | Killed Eustachio
  9925 | D:5      | Killed Crazy Yiuf
  9925 | D:5      | Reached skill level 12 in Polearms
  9925 | D:5      | Reached XP level 9. HP: 39/47 MP: 13/13
 10182 | D:7      | Found a runed translucent door.
 10182 | D:7      | Noticed Snorg's ghost (amateur TrFi)
 10317 | D:7      | Reached skill level 1 in Maces & Flails
 10342 | D:7      | Reached skill level 3 in Maces & Flails
 10394 | D:7      | Reached ** piety under Okawaru
 10394 | D:7      | Reached skill level 4 in Maces & Flails
 10509 | D:7      | Reached skill level 5 in Maces & Flails
 10536 | D:7      | Reached skill level 6 in Maces & Flails
 10563 | D:7      | Reached skill level 7 in Maces & Flails
 10938 | D:7      | Reached skill level 8 in Maces & Flails
 11161 | D:7      | Found an iron altar of Okawaru.
 11241 | D:7      | Reached skill level 9 in Maces & Flails
 11599 | D:7      | Reached skill level 10 in Maces & Flails
 12036 | D:8      | Reached skill level 11 in Maces & Flails
 12092 | D:8      | Found a burning altar of Makhleb.
 12113 | D:8      | Found Firhakon's General Store.
 12419 | D:8      | Reached *** piety under Okawaru
 12419 | D:8      | Reached XP level 10. HP: 53/53 MP: 14/14
 12440 | D:8      | Reached skill level 12 in Maces & Flails
 12885 | D:9      | Found Capre's General Store.
 12919 | D:9      | Found Gughetwe's Magic Scroll Shoppe.
 12977 | D:9      | Reached skill level 13 in Maces & Flails
 13697 | D:9      | Found a roughly hewn altar of Beogh.
 13949 | D:9      | Reached skill level 14 in Maces & Flails
 14737 | D:9      | Found a staircase to the Lair.
 14787 | D:9      | Found Somi's Weapon Emporium.
 14887 | D:9      | Found a glowing golden altar of the Shining One.
 14911 | D:9      | Found Ethrilutz's Magic Scroll Shop.
 14932 | D:9      | Found Osofeax's Assorted Antiques.
 14939 | D:9      | Bought a scroll labeled ASAOHA BORRY for 31 gold pieces
 14939 | D:9      | Bought a scroll labeled ASOMEG KIAG for 31 gold pieces
 14939 | D:9      | Bought a scroll labeled AMEWOJ NOKOSHA for 31 gold pieces
 15162 | D:10     | Entered Level 10 of the Dungeon
 15268 | D:10     | Reached **** piety under Okawaru
 15397 | D:10     | Found Fogridd's Assorted Antiques.
 15646 | D:10     | Identified a scroll of vulnerability
 15970 | D:11     | Reached skill level 13 in Polearms
 16048 | D:11     | Noticed a manticore
 16064 | D:11     | Killed a manticore
 16392 | D:11     | Noticed a seven-headed hydra
 16447 | D:11     | Killed a one-headed hydra
 16447 | D:11     | Reached skill level 14 in Polearms
 16447 | D:11     | Reached XP level 11. HP: 57/57 MP: 15/15
 16559 | D:11     | Reached ***** piety under Okawaru
 16631 | D:11     | Received a gift from Okawaru
 16902 | D:11     | Noticed a two-headed ogre
 16964 | D:11     | Killed a two-headed ogre
 17567 | D:11     | Found a staircase to the Orcish Mines.
 17583 | D:11     | Reached skill level 3 in Dodging
 17727 | D:11     | Received a gift from Okawaru
 17836 | D:11     | Reached skill level 15 in Polearms
 17902 | D:11     | Identified 9 scrolls of teleportation
 18258 | Lair:1   | Entered Level 1 of the Lair of Beasts
 18385 | Lair:1   | Reached skill level 4 in Dodging
 18554 | Lair:1   | Identified a potion of magic
 18714 | Lair:1   | Noticed a six-headed hydra
 18740 | Lair:1   | Killed a three-headed hydra
 18740 | Lair:1   | Reached skill level 5 in Dodging
 18821 | Lair:1   | Reached skill level 1 in Invocations
 18974 | Lair:1   | Found a large runed translucent door.
 18975 | Lair:1   | Found a large runed translucent door.
 18979 | Lair:1   | Noticed Wuochyse's ghost (journeyman DEWz)
 19227 | Lair:1   | Reached skill level 2 in Invocations
 19304 | Lair:1   | Received a gift from Okawaru
 19770 | Lair:2   | Reached XP level 12. HP: 62/62 MP: 16/16
 19779 | Lair:2   | Reached skill level 3 in Invocations
 19953 | Lair:2   | Found a staircase to the Snake Pit.
 20155 | Lair:2   | Identified 2 potions of heal wounds
 20190 | Lair:2   | Identified a potion of haste
 20230 | Lair:2   | Reached skill level 4 in Invocations
 20248 | Lair:2   | Reached skill level 16 in Polearms
 20639 | Lair:2   | Found a staircase to the Swamp.
 20763 | Lair:2   | Reached skill level 5 in Invocations
 21270 | Lair:2   | Identified 6 scrolls of enchant weapon
 21271 | Lair:2   | Identified 4 scrolls of remove curse
 21686 | Lair:3   | Noticed a spriggan rider
 21693 | Lair:3   | Killed a spriggan rider
 21693 | Lair:3   | Reached skill level 3 in Fighting
 21944 | Lair:3   | Noticed a spriggan rider
 21957 | Lair:3   | Killed a spriggan rider
 21957 | Lair:3   | Reached skill level 4 in Fighting
 22083 | Lair:3   | Noticed a spriggan rider
 22118 | Lair:3   | Received a gift from Okawaru
 22119 | Lair:3   | Found the +9 heavy crossbow "Sniper" {vorpal, Acc+∞ SInv}
 22528 | Lair:3   | Reached skill level 5 in Fighting
 22970 | Lair:3   | Reached skill level 17 in Polearms
 22996 | Lair:3   | Reached skill level 6 in Fighting
 22996 | Lair:3   | Reached XP level 13. HP: 39/74 MP: 17/17
 23172 | Lair:3   | Noticed Fannar
 23215 | Lair:3   | Killed Fannar
 23868 | Lair:3   | Identified a potion of ambrosia
 24024 | Lair:4   | Reached ****** piety under Okawaru
 24024 | Lair:4   | Reached skill level 7 in Fighting
 24104 | Lair:3   | Received a gift from Okawaru
 24104 | Lair:3   | Reached skill level 1 in Crossbows
 24110 | Lair:3   | Got a glimmering great mace {god gift}
 24116 | Lair:3   | Identified the +3 great mace of Cruel Justice {venom, rF+
                  | Int+2} (Okawaru gifted it to you on level 3 of the Lair of
                  | Beasts)
 24397 | Lair:4   | Reached skill level 2 in Crossbows
 24610 | Lair:4   | Reached skill level 3 in Crossbows
 25180 | Lair:4   | Reached skill level 4 in Crossbows
 25276 | Lair:4   | Received a gift from Okawaru
 25832 | Lair:4   | Reached skill level 5 in Crossbows
 25945 | Lair:4   | Identified a scroll of holy word
 26022 | Lair:4   | Reached skill level 18 in Polearms
 26100 | Lair:5   | Identified 4 scrolls of enchant armour
 26101 | Lair:5   | Identified 3 scrolls of amnesia
 26102 | Lair:5   | Identified 2 scrolls of noise
 26103 | Lair:5   | Identified 2 scrolls of fog
 26104 | Lair:5   | Identified 2 scrolls of fear
 26179 | Lair:5   | Identified a scroll of brand weapon
 26303 | Lair:5   | Found a dark tunnel.
 26319 | Volcano  | Entered a volcano
 26456 | Volcano  | Found a bloodstained altar of Trog.
 26584 | Volcano  | Reached skill level 6 in Crossbows
 27409 | Lair:5   | Reached skill level 7 in Crossbows
 27754 | Lair:6   | Entered Level 6 of the Lair of Beasts
 27774 | Lair:5   | Reached XP level 14. HP: 64/82 MP: 18/18
 28009 | Lair:6   | Found a runed translucent door.
 28009 | Lair:6   | Found a viscous altar of Jiyva.
 28009 | Lair:6   | Noticed an acid blob
 28193 | Lair:6   | Reached skill level 8 in Crossbows
 28229 | Lair:6   | Found a staircase to the Slime Pits.
 28616 | Lair:6   | Found a large runed translucent door.
 28616 | Lair:6   | Found a large runed translucent door.
 29294 | Lair:6   | Reached skill level 9 in Crossbows
 29829 | Orc:1    | Entered Level 1 of the Orcish Mines
 30082 | Orc:2    | Entered Level 2 of the Orcish Mines
 30329 | Orc:2    | Reached skill level 19 in Polearms
 30542 | Orc:2    | Received a gift from Okawaru
 30552 | Orc:2    | Paralysed by an orc sorcerer for 3 turns
 30992 | Orc:2    | Found Inoih's Distillery.
 30993 | Orc:2    | Found Fuelaemn's Weapon Shop.
 30993 | Orc:2    | Found Ycvic's Assorted Antiques.
 30996 | Orc:2    | Found Pires's Book Boutique.
 31323 | Orc:2    | Found a staircase to the Elven Halls.
 31511 | Orc:2    | Found a roughly hewn altar of Beogh.
 32893 | D:12     | Noticed Azrael
 32900 | D:12     | Killed Azrael
 32900 | D:12     | Reached skill level 10 in Crossbows
 33218 | D:12     | Identified 3 potions of berserk rage
 33300 | D:12     | Noticed Kirke
 33308 | D:12     | Killed Kirke
 33390 | D:12     | You are sucked into a shaft and drop 2 floors!
 33392 | D:14     | Identified a scroll of summoning
 33569 | D:14     | Identified 2 potions of resistance
 33591 | D:14     | Found a gate leading to a gauntlet.
 33632 | Gauntlet | Entered a Gauntlet
 33632 | Gauntlet | Found a transporter.
 33632 | Gauntlet | Found a transporter.
 33632 | Gauntlet | Found a transporter.
 33632 | Gauntlet | Found a transporter.
 33741 | Gauntlet | Found a transporter.
 33753 | Gauntlet | Found a transporter.
 33755 | Gauntlet | Found a transporter.
 33765 | Gauntlet | Found a transporter.
 33789 | Gauntlet | Found a transporter.
 33803 | Gauntlet | Found a transporter.
 33807 | Gauntlet | Found a transporter.
 33817 | Gauntlet | Found a transporter.
 33967 | Gauntlet | Got a vibrating iron amulet
 33991 | Gauntlet | Reached skill level 11 in Crossbows
 34006 | Gauntlet | Got a heavily runed sapphire amulet
 34298 | Gauntlet | Reached XP level 15. HP: 75/86 MP: 19/19
 34562 | D:14     | Noticed Agnes
 34582 | D:14     | Killed Agnes
 34582 | D:14     | Received a gift from Okawaru
 34883 | D:14     | Identified a potion of cancellation
 34884 | D:14     | Identified the amulet of Diaq {Spirit rElec rN+ Int+4
                  | Dex-3} (You found it in a Gauntlet)
 35014 | D:14     | Reached skill level 20 in Polearms
 35018 | D:14     | Received a gift from Okawaru
 35024 | D:14     | Reached skill level 2 in Armour
 35400 | D:14     | Found a gate to the Vaults.
 35434 | D:14     | Reached skill level 12 in Crossbows
 35434 | D:14     | Reached skill level 3 in Armour
 35852 | D:15     | Entered Level 15 of the Dungeon
 35904 | D:15     | Received a gift from Okawaru
 36136 | D:15     | Noticed Louise
 36157 | D:15     | Killed Louise
 36157 | D:15     | Reached skill level 4 in Armour
 36341 | D:15     | Identified the amulet of Wuemubid {Reflect Str+6 SH+5} (You
                  | found it in a Gauntlet)
 36541 | D:15     | Reached skill level 5 in Armour
 36845 | D:15     | Found a staircase to the Depths.
 37409 | Depths:1 | Entered Level 1 of the Depths
 37467 | D:15     | Received a gift from Okawaru
 37467 | D:15     | Reached skill level 6 in Armour
 37860 | D:13     | Found Sisaix's Antique Armour Emporium.
 37865 | D:13     | Reached skill level 13 in Crossbows
 38024 | D:13     | Found Haiphucs's Magic Scroll Shoppe.
 38069 | D:13     | Noticed 00Nightcrawler's ghost (journeyman VSTm)
 38079 | D:13     | Found a burning altar of Makhleb.
 38092 | D:13     | Found Naelauneoc's Distillery.
 38104 | D:13     | Found a runed translucent gate.
 38104 | D:13     | Found a runed translucent gate.
 38104 | D:13     | Found a runed translucent gate.
 38154 | D:13     | Found Odaemynt's Antique Armour Shoppe.
 38174 | D:13     | Found Zujoimaf's Assorted Antiques.
 39312 | Elf:1    | Entered Level 1 of the Elven Halls
 39314 | Elf:1    | Received a gift from Okawaru
 39330 | Elf:1    | Reached skill level 7 in Armour
 39348 | Elf:1    | Noticed Asterion
 39548 | Elf:1    | Received a gift from Okawaru
 39758 | Elf:1    | Found Ecuityah's General Store.
 39867 | Elf:1    | Noticed a deep elf sorcerer
 39875 | Elf:1    | Cast into level 3 of the Abyss (a deep elf sorcerer)
 39903 | Abyss:3  | Reached XP level 16. HP: 50/92 MP: 20/20
 39907 | Abyss:3  | Received a gift from Okawaru
 39907 | Abyss:3  | Reached skill level 8 in Armour
 39928 | Abyss:3  | HP: 4/92 [blizzard demon (6)]
 39928 | Abyss:3  | Mangled by a blizzard demon

Illustrated notes

Levels and vault maps discovered:
D:1:      ldierk_walled_garden_2, layout_basic, serial_bayou_pond_a,
          minmay_misc_feat_hallway, dk_noncrumbling_4, hangedman_decor_growths,
          minmay_misc_feat_room
D:2:      layout_basic, lemuel_coloured_pillars_altar,
          nicolae_qazlal_style_of_elements
D:3:      layout_rooms
D:4:      layout_basic, first_ration, corexii_corridor_pit, uniq_eustachio
D:5:      layout_cave_pools, chequers_temple_overflow_statue_of_worship,
          serial_shops, shop, enter_ossuary_2, basic_altar, uniq_ijyb,
          uniq_crazy_yiuf_cottage
D:6:      layout_layer_cave, fiery_altar_vehumet, minmay_temple_entry_offerings,
          minmay_manual_mullet
D:7:      layout_gridville, okawaru_metal_pillars_1_2, gammafunk_ghost_grave
D:8:      layout_loops_corners, kennysheep_mini, serial_shops, shop,
          blue_anna_alchemist [blue_anna_fruit_fields, blue_anna_fruit_fields]
D:9:      layout_roguey [special_room_orc], tso_metal_star,
          grunt_lair_entry_orc_guard_hut, serial_shops, kennysheep_little_box,
          shop, shop_scrolls, shop, shop_statue, kennysheep_pointless_box
D:10:     layout_irregular_city, serial_shops, nicolae_shop_statue_plus,
          minivault_4
D:11:     layout_basic, zombieorc1_lemuel, hex_large, minivault_22
D:12:     layout_layer_cave, uniq_azrael, uniq_kirke
D:13:     layout_cave_pools, basic_altar, maelrawn_ghost_gauntlet_escape,
          serial_shops, shop, nicolae_shop_waterfront, shop, shop,
          nicolae_shop_temple_entry_statues_fountains
D:14:     layout_long_grid, grunt_vaults_entry_fortified, skrybe_limestone_x,
          gauntlet_entry_generic, uniq_agnes
D:15:     gammafunk_depths_entry_grave, layout_gridville,
          portal_ice_cave_entry_ice_beasts, uniq_louise
Lair:1:   layout_regular_city, ebering_ghost_disaster_area,
          serial_bayou_shore_b, serial_bayou_shore_a
Lair:2:   layout_chaotic_city, minmay_swamp_entry_swarm,
          minmay_snake_entry_guardpost_small
Lair:3:   kb_forest_paths, layout_cave_pods, cheibrodos_lair_reptile_den,
          uniq_fannar
Lair:4:   layout_cave_pods, grunt_megastairs_1, lemuel_fruit_fields,
          lemuel_fruit_tree
Lair:5:   layout_concentric_octagons, enter_volcano_3,
          chequers_serial_rivers_micro_d
Lair:6:   cheibrodos_lair_end_hotspot, layout_cave_pods, slime_altar_2
Orc:1:    layout_diamond_mine
Orc:2:    st_orc_rangers, layout_caves, basic_altar, rock_pile
Elf:1:    eino_elf_arrival_sip, layout_onion_city, serial_shops, shop,
          hangedman_elf_disciples, small_chamber_with_monster, uniq_asterion
Depths:1: layout_gridlike, enter_ziggurat_c, lightli_too_deep,
          eino_tiny_chamber, nemelex_diamond_rough_becter, grunt_megastairs_4,
          uniq_mara
Abyss:3:  base: Lair:6, dshaligram_kb_abyss_rune_zappy_water_cross

Skill      XL: |  1  2  3  4  5  6  7  8  9 10 11 12 13 14 15 16 |
---------------+-------------------------------------------------+-----
Polearms       | 3 4 5 6 8 9 12 14 15 17 18 19 20 | 20.0
Maces & Flails | 11 14 | 14.7
Dodging        | 5 |  5.1
Invocations    | 2 5 |  5.0
Fighting       | 6 7 |  7.0
Crossbows      | 7 11 13 | 13.7
Armour         | 7 8 |  8.1
Throwing       | |  1.0
Spellcasting   | |  2.0
Translocations | |  2.4

Action                   |  1- 3 |  4- 6 |  7- 9 | 10-12 | 13-15 | 16-18 || total
-------------------------+-------+-------+-------+-------+-------+-------++-------
Melee: Spear             |   122 |   335 |   546 |    89 |       |       ||  1092
       Peck              |    15 |    47 |    78 |    94 |   139 |     2 ||   375
       Kick              |    20 |    82 |   121 |   124 |   255 |     2 ||   604
       Trident           |       |       |       |    97 |       |       ||    97
       Glaive            |       |       |       |   526 |   862 |    11 ||  1399
 Fire: Heavy crossbow    |       |       |       |       |   263 |     3 ||   266
Throw: Boomerang         |       |     1 |       |       |       |       ||     1
       Dart              |       |       |    30 |    33 |     1 |       ||    64
 Cast: Corona            |       |     4 |       |       |       |       ||     4
       Blink             |       |       |       |     1 |       |       ||     1
Invok: Heroism           |       |       |     1 |     5 |     5 |       ||    11
       Finesse           |       |       |       |       |     2 |       ||     2
 Abil: Fly               |       |     1 |       |       |       |       ||     1
       Stop Flying       |       |       |       |       |       |     1 ||     1
Evoke: Wand              |       |       |       |     3 |     3 |       ||     6
       Box of beasts     |       |       |       |     1 |       |       ||     1
  Use: Scroll            |       |     5 |     4 |    11 |    21 |       ||    41
       Potion            |       |       |     1 |     6 |     2 |     1 ||    10
 Stab: Sleeping          |     1 |       |     1 |     2 |       |       ||     4
       Invisible         |       |       |       |     1 |       |       ||     1
       Distracted        |       |       |       |       |     1 |       ||     1
  Eat: Chunk             |     3 |     9 |    20 |    22 |    34 |       ||    88
       Ration            |       |     1 |       |     4 |     5 |       ||    10
Armor: Leather armour    |    17 |    30 |    56 |    63 |    22 |       ||   188
       Plate armour      |       |       |       |       |   201 |     2 ||   203
       Ring mail         |       |       |       |       |    18 |       ||    18
Dodge: Dodged            |    49 |   109 |   185 |   259 |   421 |     9 ||  1032
       Repelled          |     2 |       |     2 |    11 |    78 |       ||    93
